 Dungeon Crawl Stone Soup version 0.29-a0-113-g078de9bc30 (webtiles) character file.

Game seed: 12334816329009657730

1177 Zeldest the Magician (level 8, -4/64 HPs)
             Began as a Mummy Cinder Acolyte on Feb 18, 2022.
             Was an Elder of Ignis.
             Slain by a gnoll sergeant (12 damage)
             ... on level 5 of the Dungeon.
             The game lasted 00:09:13 (4607 turns).

Zeldest the Magician (Mummy Cinder Acolyte)         Turns: 4607, Time: 00:09:14

Health: -4/64      AC:  6    Str: 17    XL:     8   Next: 18%
Magic:  16/16      EV: 11    Int: 15    God:    Ignis [****..]
Gold:   298        SH:  0    Dex:  8    Spells: 16/18 levels left

rFire   . . .      SeeInvis .   b - +2 dagger (venom)
rCold   + . .      Faith    .   (no shield)
rNeg    + + +      Spirit   .   d - +0 troll leather armour {Pargi}
rPois   ∞          Reflect  .   k - +0 helmet
rElec   .          Harm     .   (no cloak)
rCorr   .          Rampage  .   (no gloves)
Will    +....                   r - +0 pair of boots
Stlth   +.........              (no amulet)
HPRegen 1.00/turn               (no ring)
MPRegen 0.15/turn               (no ring)

@: no status effects
A: cold resistance 1, negative energy resistance 3, torment resistance 2, heat
vulnerability 1, no potions
a: Renounce Religion, Fiery Armour, Foxfire Swarm, Rising Flame


You were on level 5 of the Dungeon.
You worshipped Ignis.
Ignis was greatly pleased with you.
You visited 1 branch of the dungeon, and saw 5 of its levels.

You collected 298 gold pieces.

Inventory:

Hand Weapons
 a - a -1 spear of flaming
 b - a +2 dagger of venom (weapon)
Armour
 d - a +0 troll leather armour (worn) {Pargi}
 k - a +0 helmet (worn)
 l - a +0 robe
 r - a +0 pair of boots (worn)
Magical Staves
 g - a staff of earth
Jewellery
 p - the amulet "Jootalug" {RegenMP Rampage rN+ Dex+3}
   (You found it on level 4 of the Dungeon)

   [amulet of magic regeneration]

   It increases your rate of magic regeneration.
   Dex:       It affects your dexterity (+3).
   rN:        It protects you from negative energy.
   Rampage:   It bestows one free step when moving towards enemies.
Wands
 e - a wand of flame (7)
 o - a wand of polymorph (7)
Scrolls
 c - 2 scrolls of magic mapping {unknown}
 f - a scroll of enchant weapon {unknown}
 h - 8 scrolls of identify
 i - 2 scrolls of fear {unknown}
 j - 2 scrolls of teleportation
 m - a scroll of blinking {unknown}
 n - a scroll of amnesia {unknown}
 q - a scroll of vulnerability {unknown}


   Skills:
 + Level 5.7 Fighting
 + Level 4.7 Polearms
 + Level 5.8 Spellcasting
 + Level 4.7 Fire Magic


You had 16 spell levels left.
You knew the following spells:

 Your Spells              Type           Power      Damage    Failure   Level
a - Scorch                Fire           36%        2d6       4%          2

Your spell library contained the following spells:

 Spells                   Type           Power      Damage    Failure   Level
 Apportation              Tloc           8%         N/A       19%         1
 Freeze                   Ice            16%        1d4       19%         1
 Frozen Ramparts          Ice            8%         1d2       50%         3
 Hailstorm                Conj/Ice       4%         3d4       88%         4
 Alistair's Intoxication  Tmut/Pois      2%         N/A       99%         5


Dungeon Overview and Level Annotations

Branches:
Dungeon (5/15)
 Temple: D:4-7

Altars:
Ashenzari
Makhleb
Nemelex Xobeh
Wu Jian
The Shining One

Shops:
D:4 =


Innate Abilities, Weirdness & Mutations

You are immune to poison.
Your flesh is cold resistant. (rC+)
You are immune to negative energy. (rN+++)
You are immune to unholy pain and torment.
You are vulnerable to heat. (rF-)
You do not drink.


Message History

The gnoll sergeant is lightly wounded.
The gnoll hits you with a +0 whip.
The gnoll sergeant hits you with a +6 vampiric trident!
You hit the gnoll sergeant.
The gnoll sergeant is moderately wounded.
The gnoll completely misses you.
The gnoll sergeant hits you but does no damage.
You hit the gnoll sergeant but do no damage.
The gnoll sergeant is moderately wounded.
The gnoll misses you. The gnoll barely misses you.
The gnoll sergeant hits you with a +6 vampiric trident!
You closely miss the gnoll sergeant.
The gnoll sergeant is moderately wounded.
The gnoll hits you from afar with a +0 halberd.
The gnoll hits you but does no damage.
The gnoll sergeant hits you with a +6 vampiric trident!
You hit the gnoll sergeant but do no damage.
The gnoll sergeant is poisoned.
The gnoll sergeant is moderately wounded.
You hear the slow rusting of a very distant drain.
The gnoll completely misses you. The gnoll misses you.
The gnoll sergeant barely misses you.
You hit the gnoll sergeant.
The gnoll sergeant looks as sick as possible!
The gnoll sergeant is moderately wounded.
The gnoll barely misses you. The gnoll hits you with a +0 whip.
The gnoll sergeant completely misses you.
You hit the gnoll but do no damage. The gnoll closely misses you.
The gnoll hits you with a +0 whip.
The gnoll sergeant hits you with a +6 vampiric trident!
* * * LOW HITPOINT WARNING * * *
You closely miss the gnoll. The gnoll misses you.
The gnoll hits you with a +0 whip.
* * * LOW HITPOINT WARNING * * *
The gnoll sergeant hits you with a +6 vampiric trident!
* * * LOW HITPOINT WARNING * * *
The gnoll sergeant misses you.
You open the door. The gnoll barely misses you.
The gnoll sergeant hits you from afar with a +6 vampiric trident!
You die...

#.# #.....#
#.#######.....# #########
.........###'## #........
...#####.# #.# #........
...#####.###.#####........
...............s.g........
.......#.###g#####........
.#.(##.#.#....g..#........
.#...#.#.#....gg@'........
.##..#.#.#.......#........
. #..#.#.#.....#######....
#..#[#.#.....# .g..
#..#.#.####### g.. . ..
#.#.# .. .# #.# .. .


You could see a gnoll sergeant (very poisoned) and 3 gnolls.

Vanquished Creatures
  Grinder (D:3)
  Pargi (D:3)
  A necrophage (D:4)
  An ogre (D:3)
  Blork the orc (D:4)
  3 scorpions
  A water moccasin skeleton (D:5)
  2 jellies (D:4)
  2 hounds (D:5)
  Ijyb (D:4)
  Natasha (thrice) (D:3)
  An iguana (D:5)
  Robin (D:2)
  5 adders
  An ufetubus (D:4)
  2 adder skeletons (D:4)
  2 dart slugs (D:5)
  12 orcs
  7 ball pythons
  6 endoplasms
  A giant cockroach (D:1)
  15 goblins
  10 hobgoblins
  8 jackals
  5 quokkas
  3 bats
  5 frilled lizards
  6 kobolds
  8 rats
115 creatures vanquished.

Notes
Turn   | Place    | Note
-------+----------+-------------------------------------------
     0 | D:1      | Zeldest the Mummy Cinder Acolyte began the quest for the
                  | Orb.
     0 | D:1      | Reached XP level 1. HP: 18/18 MP: 2/2
   257 | D:1      | Reached XP level 2. HP: 15/24 MP: 4/4
   670 | D:1      | Found a faded altar of an unknown god.
   797 | D:1      | Reached XP level 3. HP: 29/29 MP: 6/6
  1456 | D:2      | You fall into a shaft and drop 1 floor!
  1568 | D:3      | Noticed Natasha
  1585 | D:3      | HP: 1/29 [Natasha (8)]
  2045 | D:3      | Learned a level 2 spell: Scorch
  2112 | D:3      | Killed Natasha
  2113 | D:3      | Reached XP level 4. HP: 24/36 MP: 6/8
  2113 | D:3      | Found a sparkling altar of Nemelex Xobeh.
  2113 | D:3      | Found a broken altar of Ashenzari.
  2126 | D:3      | Found a burning altar of Makhleb.
  2315 | D:3      | Noticed Natasha
  2321 | D:3      | Killed Natasha
  2333 | D:3      | Noticed Pargi
  2341 | D:3      | Killed Pargi
  2342 | D:3      | Reached XP level 5. HP: 37/42 MP: 8/10
  2496 | D:3      | Noticed Natasha
  2501 | D:3      | Killed Natasha
  2668 | D:3      | Noticed Grinder
  2682 | D:3      | Paralysed by Grinder for 2 turns
  2686 | D:3      | Killed Grinder
  2687 | D:3      | Reached XP level 6. HP: 22/49 MP: 10/12
  2986 | D:2      | Noticed Robin
  3005 | D:2      | Killed Robin
  3433 | D:4      | Noticed Blork the orc
  3466 | D:4      | Killed Blork the orc
  3467 | D:4      | Reached XP level 7. HP: 51/55 MP: 13/13
  3613 | D:4      | Found Ampup's Jewellery Boutique.
  3670 | D:4      | Noticed Ijyb
  3688 | D:4      | Killed Ijyb
  3689 | D:4      | Reached skill level 5 in Fighting
  3709 | D:4      | Identified the amulet "Jootalug" {RegenMP Rampage rN+
                  | Dex+3}
  3848 | D:4      | Reached skill level 5 in Spellcasting
  4345 | D:5      | Entered Level 5 of the Dungeon
  4380 | D:5      | Found an ornate altar of the Wu Jian Council.
  4468 | D:5      | Reached XP level 8. HP: 59/63 MP: 16/16
  4607 | D:5      | Slain by a gnoll sergeant

Illustrated notes

Levels and vault maps discovered:
D:1:      beargit_arrival_diablo_church, layout_basic,
          shapermc_ecumenical_altar_pompeii
D:2:      layout_loops_ring, uniq_robin
D:3:      layout_basic, grunt_temple_overflow_cloverleaf, serial_curves,
          eino_curves_01, eino_curves_04, grunt_decor_junction,
          minmay_shallow_snake_nest, uniq_natasha, uniq_pargi, uniq_grinder
D:4:      layout_basic, serial_shops, shop, hangedman_minor_gate_pass,
          uniq_blork_the_orc, uniq_ijyb
D:5:      layout_basic, mainiacjoe_overflow_24_doors,
          mainiacjoe_overflow_alcove_2, gup_sewer_entry_spiral,
          minmay_crystal_room

Skill      XL: |  1  2  3  4  5  6  7 |
---------------+----------------------+-----
Spellcasting   | 2 3 4 5 |  5.8
Polearms       | 3 4 |  4.7
Fire Magic     | 3 4 |  4.7
Fighting       | 4 5 |  5.7

Action                   |  1- 3 |  4- 6 |  7- 9 || total
-------------------------+-------+-------+-------++-------
Melee: Spear             |   174 |   119 |     5 ||   298
       Punch             |     2 |     3 |     5 ||    10
       Dagger            |       |    30 |   174 ||   204
Invok: Fiery Armour      |     2 |     2 |       ||     4
  Use: Scroll            |     2 |       |       ||     2
Armor: Robe              |    32 |     9 |       ||    41
       Troll leather arm |       |    33 |    46 ||    79
Dodge: Dodged            |    90 |    71 |    96 ||   257

Table legend: (Time is in decaauts)
 A = Elapsed time spent in this place.
 B = Non-inter-level travel time spent in this place.
 C = Inter-level travel time spent in this place.
 D = Time resting spent in this place.
 E = Time spent auto-exploring this place.
 F = Levels seen in this place.
 G = Mean time per level.
                   A        B        C        D        E       F      G
               +--------+--------+--------+--------+--------+-----+--------+
         Total |   4591 |   4374 |    217 |    866 |   2424 |   5 |  918.2 |
       Dungeon |   4591 |   4374 |    217 |    866 |   2424 |   5 |  918.2 |
               +--------+--------+--------+--------+--------+-----+--------+

Top non-repeatable levels by time:
     D:3: 1441 daAuts
     D:1: 1075 daAuts
     D:2: 937 daAuts
     D:4: 877 daAuts
     D:5: 260 daAuts
